 Dungeon Crawl Stone Soup version 0.25.0-9-g26727b657a (webtiles) character file.

Game seed: 11989599112009024143

179281 Flugkiller the Severer (level 17, -12/153 HPs)
             Began as a Deep Dwarf Fighter on June 21, 2020.
             Was a High Priest of Makhleb.
             Mangled by a large slime creature (25 damage)
             ... on level 2 of the Pits of Slime.
             The game lasted 00:21:18 (20189 turns).

Flugkiller the Severer (Deep Dwarf Fighter)        Turns: 20189, Time: 00:21:18

Health: -12/153    AC:  9    Str: 27    XL:     17   Next: 0%
Magic:  4/4        EV: 11    Int: 15    God:    Makhleb [*****.]
Gold:   1276       SH: 18    Dex: 16    Spells: 16/16 levels left

rFire    . . .     SeeInvis +   a - +8 war axe
rCold    + . .     Gourm    .   I - +4 kite shield of the Desert {Harm *Drain rPois Regen+}
rNeg     + . .     Faith    +   p - +1 plate armour {MR+}
rPois    +         Spirit   .   A - +0 helmet {SInv}
rElec    .         Reflect  .   g - +2 cloak {rCorr}
rCorr    +         Harm     +   K - +0 pair of gloves "Pinan" {rPois Dex+4}
MR       ++++.                  F - +0 pair of boots
Stlth    ..........             M - amulet "Kout" {Faith rC+ Int+6}
HPRegen  0.00/turn              v - +4 ring of evasion
MPRegen  0.09/turn              m - ring of protection from magic

@: corroded, non-regenerating
A: damage resistance, heal wounds, frail 1, negative energy resistance 1, sense
surroundings 2, no regeneration
}: 2/15 runes: decaying, gossamer
a: Heal Wounds, Minor Destruction, Lesser Servant of Makhleb, Major Destruction,
Greater Servant of Makhleb, Renounce Religion


You were on level 2 of the Pits of Slime.
You worshipped Makhleb.
Makhleb was extremely pleased with you.
You were not hungry.

You visited 7 branches of the dungeon, and saw 34 of its levels.
You visited the Abyss 1 time.
You also visited: Gauntlet and Volcano.

You collected 2605 gold pieces.
You spent 1329 gold pieces at shops.

Inventory:

Hand Weapons
 a - a +8 war axe (weapon)
 b - a +0 falchion of flaming
   (You took it off a big kobold on level 8 of the Dungeon)
Missiles
 y - a throwing net (quivered)
Armour
 g - a +2 cloak of preservation (worn)
   (You bought it in a shop on level 7 of the Dungeon)
 p - a +1 plate armour of magic resistance (worn)
   (You took it off a minotaur in a Gauntlet)
 A - a +0 helmet of see invisible (worn)
   (You found it in a Gauntlet)
 F - a +0 pair of boots (worn)
   (You found it on level 10 of the Dungeon)
 I - the +4 kite shield of the Desert (worn) {Harm *Drain rPois Regen+}
   (You found it on level 5 of the Lair of Beasts)

   It protects you from poison.
   It increases your rate of regeneration.
   It causes draining when unequipped.
   It increases damage dealt and taken.
 K - the +0 pair of gloves "Pinan" (worn) {rPois Dex+4}
   (You found it in a Gauntlet)

   It affects your dexterity (+4).
   It protects you from poison.
Jewellery
 f - an uncursed ring of protection from fire
   (You found it on level 1 of the Spider Nest)
 k - an uncursed ring of resist corrosion
   (You found it on level 13 of the Dungeon)
 m - a ring of protection from magic (right hand)
   (You bought it in a shop on level 13 of the Dungeon)
 v - a +4 ring of evasion (left hand)
   (You found it on level 6 of the Dungeon)
 D - the ring of Sile {rElec rF- rN+ Dex+6 Stlth+}
   (You found it on level 10 of the Dungeon)

   [ring of dexterity]

   It affects your dexterity (+6).
   It makes you vulnerable to fire.
   It insulates you from electricity.
   It protects you from negative energy.
   It makes you more stealthy.
 M - the amulet "Kout" (around neck) {Faith rC+ Int+6}
   (You bought it in a shop on level 13 of the Dungeon)

   [amulet of faith]

   It allows you to gain divine favour quickly.
   It affects your intelligence (+6).
   It protects you from cold.
 T - an uncursed amulet of magic regeneration {unknown}
   (You found it on level 3 of the Spider Nest)
Wands
 s - a wand of paralysis (12)
   (You found it on level 6 of the Lair of Beasts)
 J - a wand of enslavement (16)
   (You found it on level 11 of the Dungeon)
 N - a wand of iceblast (4)
   (You found it on level 6 of the Lair of Beasts)
 Q - a wand of acid (18)
   (You found it on level 1 of the Spider Nest)
Scrolls
 o - a scroll of holy word
 r - 10 scrolls of identify
 t - 9 scrolls of teleportation
 u - 4 scrolls of fog
 x - 9 scrolls of remove curse
 C - 4 scrolls of fear
 E - 2 scrolls of enchant armour
 G - 3 scrolls of magic mapping
 H - a scroll of immolation
 P - a scroll of summoning
Potions
 d - 2 potions of might
 h - 2 potions of haste
 i - 5 potions of lignification
 j - 2 potions of mutation
 l - 3 potions of berserk rage
 n - a potion of invisibility
 q - 6 potions of curing
 w - 3 potions of heal wounds
 B - 3 potions of cancellation
 L - 10 potions of ambrosia
 O - 6 potions of flight
 R - a potion of resistance {unknown}
 S - 5 potions of brilliance
Miscellaneous
 z - a tin of tremorstones (3/3)
   (You found it on level 13 of the Dungeon)
Comestibles
 e - 44 rations


   Skills:
 * Level 15.1 Fighting
 - Level 17.1 Axes
 + Level 13.4 Armour
 + Level 13.4 Shields
 + Level 14.5 Invocations
 - Level 6.0 Evocations


You had 16 spell levels left.
You didn't know any spells.
Your spell library was empty.

Dungeon Overview and Level Annotations

Branches:
Dungeon (15/15)            Temple (1/1) D:6            Lair (6/6) D:11
  Swamp (4/4) Lair:2       Spider (4/4) Lair:4        Slime (2/5) Lair:6
    Orc (2/2) D:10            Elf (0/3) Orc:2        Depths (0/5) D:15
Volcano (visited)         Gauntlet (visited)
 Vaults: D:13-14

Altars:
Ashenzari
Cheibriados
Elyvilon
Fedhas
Hepliaklqana
Kikubaaqudgha
Makhleb
Nemelex Xobeh
Okawaru
Qazlal
Ru
Sif Muna
Trog
Uskayaw
Vehumet
Wu Jian
Yredelemnul
Zin
The Shining One
Beogh

Shops:
D:4 *   D:7 [   D:13 =   Orc:2 [[((

Annotations:
D:8 2 transporters, VeryBadPlayer's ghost, novice DsWz


Innate Abilities, Weirdness & Mutations

You are resistant to damage.
You can heal yourself by infusing magical energy.
You resist negative energy. (rN+)
You passively map the area around you.
You do not regenerate.
You are frail. (-10% HP)


Message History

You are too injured to fight recklessly!
You are too injured to fight recklessly!
You are too injured to fight recklessly!
You are too injured to fight recklessly!
You are too injured to fight recklessly!
You are too injured to fight recklessly!
You slice the large slime creature!!
The large slime creature is moderately wounded.
You slash the large slime creature! You slash the large slime creature!
The large slime creature is moderately wounded.
You slash the large slime creature! The large slime creature hits you!!
* * * LOW HITPOINT WARNING * * *
You block the large slime creature's attack.
You hit the large slime creature.
The large slime creature is moderately wounded.
You hit the large slime creature.
Your neqoxec gestures.
The large slime creature hits you!!
You die...

* *, , , , **, #.
,,....., * #.
...,.......
##..*#.# .......,,
, ,, ,
#...##.##.......,
,,* #..#...#......<
, , *
#.............. , ,
##....5.JJ......, ,
*
##.#....@3J.J....,
, , , , *
#...#....JJ...#. ,
, #.#.........#...,
, ,
##..........#....,
**
#..<....#.##..... ,
,
##.....#........#,,
, ###...##.##.....
,,, #....### ....,
, ##..## ... ,


You could see 2 large slime creatures, 4 slime creatures, a friendly neqoxec
(summoned) and a friendly crimson imp (summoned).

Vanquished Creatures
  Bai Suzhen (Swamp:4)
  Arachne (Spider:2)
  An acid blob (Slime:2)
  An azure jelly (Slime:1)
  2 ghost moths (Spider:4)
  4 entropy weavers
  A minotaur (Gauntlet)
  A spark wasp (Spider:4)
  A fire dragon (Lair:6)
  Josephine (Spider:1)
  Erolcha (D:13)
  Fannar (Lair:2)
  5 hydras
  3 ice dragons (Swamp:4)
  A catoblepas (Lair:6)
  An anaconda (Lair:6)
  Erica (D:10)
  3 two-headed ogres
  3 centaur warriors
  4 alligators
  A death yak (D:11)
  A queen ant (Lair:5)
  3 orc high priests (Orc:2)
  Sonja (Lair:3)
  A deep troll (shapeshifter) (D:15)
  5 unseen horrors
  2 lindwurms (D:11)
  A swamp dragon (Swamp:4)
  2 wizards
  8 orb spiders
  4 orc sorcerers
  15 wolf spiders
  4 cyclopes
  A deep elf mage (D:13)
  5 orc knights (Orc:2)
  A salamander (D:15)
  3 manticores
  6 slime creatures (Slime:1)
  An ugly thing (D:11)
  6 black mambas
  A smoke demon (Abyss:3)
  An eye of devastation (Gauntlet)
  4 elephants (Lair:6)
  5 torpor snails
  The ghost of Nebesus the Poker, a novice FoAK of Lugonu (D:5)
  A gargoyle (D:12)
  9 spiny frogs
  4 centaur skeletons
  A rime drake (Lair:6)
  4 freezing wraiths
  10 demonic crawlers
  5 komodo dragons
  22 jumping spiders
  5 trolls
  9 polar bears (Lair:6)
  7 tyrant leeches
  14 hornets
  A bog body (Lair:2)
  6 hippogriffs
  2 dream sheep (D:8)
  8 blink frogs
  2 raiju (Lair:6)
  42 redbacks
  A shadow (D:12)
  18 tarantellas
  2 spriggans
  50 yaks
  Eustachio (D:6)
  3 wraiths (Spider:1)
  A fire bat (D:11)
  A hungry ghost (D:12)
  A golden eye (Gauntlet)
  2 basilisks (D:11)
  6 swamp worm simulacra (Swamp:4)
  A steam dragon (Volcano)
  6 vampire mosquitoes
  A neqoxec (Gauntlet)
  2 chaos spawn (Gauntlet)
  8 swamp worms
  9 wargs
  4 soldier ants (Lair:5)
  13 water moccasins
  13 hell hounds
  12 hydra simulacra (Swamp:4)
  Duvessa (D:7)
  A floating eye (Gauntlet)
  6 swamp drakes
  19 orc warriors
  4 porcupines
  A small abomination (Abyss:3)
  2 phantoms
  2 sky beasts
  An eye of draining (D:14)
  4 ice beasts
  11 black bears
  10 ogres
  20 wolves
  17 centaurs
  8 crocodiles
  4 big kobolds
  12 bullfrogs
  A wyvern skeleton (D:6)
  Dowan (D:7)
  8 scorpions
  7 killer bees
  3 electric eels (Lair:2)
  4 howler monkeys
  3 vampire bats (D:11)
  4 crimson imps
  5 bullfrog zombies
  4 centaur zombies
  A jelly (D:5)
  12 orc priests
  3 hounds
  A bullfrog skeleton (D:9)
  24 orc wizards
  4 iguanas
  29 worker ants
  A hell rat (D:11)
  A hound skeleton (D:8)
  A howler monkey zombie (D:10)
  Robin (D:3)
  A worker ant zombie (D:10)
  15 adders
  5 shadow imps
  2 white imps (Gauntlet)
  2 oozes
  A swamp drake simulacrum (Swamp:4)
  An adder skeleton (D:6)
  9 worms (D:11)
  2 dart slugs
  13 leopard geckos
  84 orcs
  3 ball pythons
  4 giant cockroaches
  9 hobgoblins
  4 jackals (D:3)
  8 kobolds
  5 quokkas
  9 bats
  4 frilled lizards
  A giant cockroach zombie (D:6)
  13 goblins
  A quokka skeleton (D:5)
  2 rats
  A bush (Lair:6)
  2 demonic plants (Gauntlet)
  2 fungi (D:4)
  2 plants
873 creatures vanquished.

Vanquished Creatures (collateral kills)
  2 acid blobs (Slime:2)
  2 ghost moths (Spider:4)
  2 emperor scorpions (Spider:4)
  2 spark wasps
  Snorg (D:12)
  7 hydras
  A shambling mangrove (Swamp:1)
  2 death yaks (D:11)
  A two-headed ogre (D:11)
  A wizard (Gauntlet)
  A lindwurm (Lair:6)
  An orc sorcerer (Orc:2)
  2 wolf spiders (Spider:4)
  5 orb spiders
  2 slime creatures (Slime:1)
  A moth of wrath (Spider:4)
  A torpor snail (Lair:6)
  A centaur skeleton (D:11)
  A freezing wraith (Swamp:4)
  7 hornets
  13 jumping spiders (Spider:4)
  2 blink frogs
  3 tyrant leeches (Lair:6)
  2 hippogriffs
  A raiju (Lair:6)
  2 yaks (Lair:2)
  12 redbacks (Spider:4)
  7 tarantellas (Spider:4)
  A wyvern (Lair:6)
  A hell hound (Lair:6)
  2 porcupines (D:11)
  2 black bears
  2 hydra simulacra (Swamp:4)
  2 orc warriors
  4 wolves (Lair:6)
  A bullfrog (Lair:2)
  A wyvern skeleton (D:11)
  An electric eel (Lair:2)
  An orc priest (Orc:1)
  2 river rats (D:11)
  A shadow imp (Gauntlet)
  A swamp drake simulacrum (Swamp:4)
  2 rats (D:11)
  A bush (Lair:6)
110 creatures vanquished.

Vanquished Creatures (others)
  Donald (Slime:1)
  An alligator (Swamp:4)
  A jumping spider (Spider:4)
  A hell hound (Volcano)
  A shadow imp (Gauntlet)
  A bush (Lair:6)
  4 demonic plants (Gauntlet)
  2 fungi (Lair:6)
  19 plants
31 creatures vanquished.

Grand Total: 1014 creatures vanquished

Notes
Turn   | Place    | Note
-------+----------+-------------------------------------------
     0 | D:1      | Flugkiller the Deep Dwarf Fighter began the quest for the
                  | Orb.
     0 | D:1      | Reached XP level 1. HP: 20/20 MP: 1/1
    85 | D:1      | Reached XP level 2. HP: 27/27 MP: 2/2
   183 | D:2      | Reached skill level 3 in Axes
   197 | D:2      | Reached XP level 3. HP: 31/33 MP: 3/3
   310 | D:3      | Noticed Robin
   342 | D:3      | Reached XP level 4. HP: 34/42 MP: 3/3
   345 | D:3      | Killed Robin
   501 | D:3      | Reached skill level 4 in Axes
   503 | D:3      | Reached XP level 5. HP: 31/49 MP: 4/4
   580 | D:3      | Found a shimmering blue altar of Sif Muna.
   679 | D:3      | Found a white marble altar of Elyvilon.
   859 | D:4      | Noticed an ogre
   869 | D:4      | Killed an ogre
   869 | D:4      | Reached XP level 6. HP: 41/57 MP: 5/5
   916 | D:4      | Found a blossoming altar of Fedhas.
  1009 | D:4      | Found Qiriasud's General Store.
  1012 | D:4      | Bought a potion of cancellation for 88 gold pieces
  1090 | D:5      | Entered Level 5 of the Dungeon
  1141 | D:5      | Reached skill level 5 in Axes
  1168 | D:5      | Found a snail-covered altar of Cheibriados.
  1209 | D:5      | Found a runed translucent gate.
  1209 | D:5      | Found a runed translucent gate.
  1209 | D:5      | Noticed Nebesus's ghost (novice FoAK)
  1210 | D:5      | Found a runed translucent gate.
  1211 | D:5      | Found a roughly hewn altar of Beogh.
  1212 | D:5      | Identified the +1 ring mail of Duydago {Str+7 Stlth+}
  1459 | D:5      | Reached XP level 7. HP: 47/64 MP: 6/6
  1729 | D:6      | Found an ancient bone altar of Kikubaaqudgha.
  1830 | D:6      | Reached skill level 5 in Armour
  1939 | D:6      | Found a staircase to the Ecumenical Temple.
  1945 | D:6      | Reached skill level 5 in Shields
  1954 | Temple   | Entered the Ecumenical Temple
  2067 | Temple   | Became a worshipper of Makhleb the Destroyer
  2104 | D:6      | Noticed Eustachio
  2116 | D:6      | Reached skill level 6 in Axes
  2149 | D:6      | Killed Eustachio
  2149 | D:6      | Reached skill level 1 in Invocations
  2319 | D:6      | Reached XP level 8. HP: 31/73 MP: 6/6
  2528 | D:7      | Noticed Dowan
  2530 | D:7      | Noticed Duvessa
  2542 | D:7      | Killed Dowan
  2542 | D:7      | Reached skill level 5 in Fighting
  2553 | D:7      | Killed Duvessa
  2599 | D:7      | Reached * piety under Makhleb
  2599 | D:7      | Reached skill level 7 in Axes
  2640 | D:7      | Found Arorib's Antique Armour Emporium.
  2687 | D:7      | Noticed a hippogriff
  2699 | D:7      | Killed a hippogriff
  2793 | D:7      | Bought a glowing cloak for 142 gold pieces
  2957 | D:7      | Gained mutation: You passively map the area around you.
                  | [Deep Dwarf growth]
  2957 | D:7      | Reached XP level 9. HP: 74/82 MP: 7/9
  2989 | D:7      | Found a hide-covered altar of Uskayaw.
  3363 | D:8      | Found a transporter.
  3363 | D:8      | Noticed VeryBadPlayer's ghost (novice DsWz)
  3491 | D:8      | Reached skill level 8 in Axes
  3510 | D:8      | Found a transporter.
  3543 | D:8      | Noticed a two-headed ogre
  3544 | D:8      | Noticed a two-headed ogre
  3567 | D:8      | Killed a two-headed ogre
  3570 | D:8      | Killed a two-headed ogre
  3570 | D:8      | Reached skill level 9 in Axes
  3570 | D:8      | Reached skill level 5 in Invocations
  3746 | D:8      | Got a jewelled chain mail
  3757 | D:8      | Identified the +1 chain mail "Duirokh" {*Drain rElec Str+5}
                  | (You found it on level 8 of the Dungeon)
  3790 | D:8      | Reached ** piety under Makhleb
  4088 | D:8      | Reached XP level 10. HP: 78/94 MP: 7/7
  4119 | D:8      | Noticed a two-headed hydra
  4122 | D:8      | Killed a one-headed hydra
  4619 | D:9      | Reached skill level 10 in Axes
  4897 | D:9      | Noticed a centaur warrior
  4898 | D:9      | Reached *** piety under Makhleb
  4904 | D:9      | Killed a centaur warrior
  5126 | D:10     | Entered Level 10 of the Dungeon
  5135 | D:10     | Got a coiled iron ring
  5250 | D:10     | Noticed a two-headed ogre
  5269 | D:10     | Killed a two-headed ogre
  5269 | D:10     | Reached XP level 11. HP: 104/104 MP: 9/9
  5396 | D:10     | Reached **** piety under Makhleb
  5420 | D:10     | Found a staircase to the Orcish Mines.
  5580 | D:10     | Noticed Erica
  5610 | D:10     | Killed Erica
  5637 | D:10     | Reached skill level 11 in Axes
  6073 | D:11     | Noticed a death yak
  6074 | D:11     | Found a staircase to the Lair.
  6075 | D:11     | Noticed a death yak
  6075 | D:11     | Noticed a death yak
  6090 | D:11     | Killed a death yak
  6097 | D:11     | Killed a death yak
  6101 | D:11     | Killed a death yak
  6177 | D:11     | Noticed a two-headed ogre
  6185 | D:11     | Killed a two-headed ogre
  6211 | D:11     | Noticed a red ugly thing
  6217 | D:11     | Killed a red ugly thing
  6269 | D:11     | Reached ***** piety under Makhleb
  6355 | D:11     | Noticed an alligator
  6373 | D:11     | Killed an alligator
  6387 | D:11     | Noticed an alligator
  6421 | D:11     | Killed an alligator
  6421 | D:11     | Reached skill level 10 in Fighting
  6421 | D:11     | Reached XP level 12. HP: 67/116 MP: 11/11
  6487 | D:11     | Reached skill level 12 in Axes
  7123 | Lair:1   | Entered Level 1 of the Lair of Beasts
  7125 | Lair:1   | Identified the ring of Sile {rElec rF- rN+ Dex+6 Stlth+}
                  | (You found it on level 10 of the Dungeon)
  7184 | Lair:1   | Found a gate leading to a gauntlet.
  7193 | Gauntlet | Entered a Gauntlet
  7193 | Gauntlet | Found a transporter.
  7193 | Gauntlet | Found a transporter.
  7193 | Gauntlet | Found a transporter.
  7194 | Gauntlet | Found a transporter.
  7195 | Gauntlet | Found a transporter.
  7198 | Gauntlet | Found a transporter.
  7206 | Gauntlet | Found a transporter.
  7207 | Gauntlet | Found a transporter.
  7208 | Gauntlet | Found a transporter.
  7209 | Gauntlet | Found a transporter.
  7217 | Gauntlet | Found a transporter.
  7218 | Gauntlet | Found a transporter.
  7405 | Gauntlet | Paralysed by a floating eye for 2 turns
  7410 | Gauntlet | Paralysed by a floating eye for 3 turns
  7415 | Gauntlet | Paralysed by a floating eye for 3 turns
  7540 | Gauntlet | Cast into level 3 of the Abyss (a wizard)
  7540 | Abyss:3  | Found a corrupted altar of Lugonu.
  7585 | Abyss:3  | Noticed a starcursed mass
  7600 | Abyss:3  | Noticed a tentacled starspawn
  7601 | Gauntlet | Escaped the Abyss
  7623 | Gauntlet | Got a pair of bloodstained gloves
  7634 | Gauntlet | Identified the +0 pair of gloves "Pinan" {rPois Dex+4} (You
                  | found it in a Gauntlet)
  7668 | Gauntlet | Identified the +7 lajatang of Havoc {drain, *Slow rPois
                  | rC+++ Str-5}
  7668 | Gauntlet | Noticed a minotaur
  7699 | Gauntlet | Killed a minotaur
  7711 | Gauntlet | Identified Nunluarr's Handbook of Boosting Enchantment
  7714 | Gauntlet | Found the +7 great mace "Undeadhunter" {disrupt, rN+}
  7716 | Gauntlet | Identified the Compendium of Helpful Transmutation
  8346 | Lair:2   | Reached skill level 10 in Invocations
  8380 | Lair:2   | Noticed Fannar
  8390 | Lair:2   | Reached skill level 10 in Shields
  8406 | Lair:2   | Reached skill level 10 in Armour
  8411 | Lair:2   | Noticed a four-headed hydra
  8421 | Lair:2   | Reached skill level 13 in Axes
  8456 | Lair:2   | Killed a ten-headed hydra
  8479 | Lair:2   | Reached XP level 13. HP: 97/127 MP: 9/9
  8485 | Lair:2   | Killed Fannar
  8661 | Lair:2   | You fall into a shaft and drop 2 floors!
  8716 | Lair:4   | Found a hole to the Spider Nest.
  8825 | Lair:4   | Found a dark tunnel.
  9044 | Volcano  | Entered a volcano
  9425 | Lair:5   | Got a scorched kite shield
  9478 | Lair:4   | Identified the +4 kite shield of the Desert {Harm *Drain
                  | rPois Regen+} (You found it on level 5 of the Lair of
                  | Beasts)
  9535 | Lair:5   | Noticed an entropy weaver
  9537 | Lair:5   | Noticed an entropy weaver
  9560 | Lair:5   | Killed an entropy weaver
  9585 | Lair:5   | Killed an entropy weaver
 10189 | Lair:6   | Entered Level 6 of the Lair of Beasts
 10259 | Lair:6   | Reached skill level 14 in Axes
 10469 | Lair:6   | Gained mutation: You resist negative energy. (rN+) [Deep
                  | Dwarf growth]
 10469 | Lair:6   | Reached XP level 14. HP: 127/138 MP: 8/8
 10755 | Lair:6   | Found a staircase to the Slime Pits.
 10851 | Lair:6   | Found a runed translucent door.
 11709 | Lair:3   | Noticed Sonja
 11717 | Lair:3   | Killed Sonja
 12194 | Lair:3   | Reached skill level 15 in Axes
 13320 | Lair:2   | Found a staircase to the Swamp.
 13571 | Orc:1    | Entered Level 1 of the Orcish Mines
 13725 | Orc:2    | Entered Level 2 of the Orcish Mines
 13726 | Orc:2    | Found a staircase to the Elven Halls.
 13990 | Orc:2    | Gained mutation: You are frail. (-10% HP) [a neqoxec]
 14143 | Orc:2    | Reached ****** piety under Makhleb
 14393 | Orc:2    | Found Nengaih's Antique Weapon Shoppe.
 14393 | Orc:2    | Found Qeecia Baci's Weapon Boutique.
 14401 | Orc:2    | Found Nuurr's Antique Armour Shoppe.
 14401 | Orc:2    | Found Egrithap's Antique Armour Boutique.
 14840 | D:12     | Noticed Snorg
 14861 | D:12     | Killed Snorg
 14861 | D:12     | Reached XP level 15. HP: 75/133 MP: 7/7
 15202 | D:13     | Found Deve's Jewellery Boutique.
 15202 | D:13     | Noticed Erolcha
 15215 | D:13     | Killed Erolcha
 15230 | D:13     | Bought the amulet "Kout" {Faith rC+ Int+6} for 799 gold
                  | pieces
 15236 | D:13     | Bought an uncursed ring of protection from magic for 300
                  | gold pieces
 15275 | D:13     | You fall into a shaft and drop 2 floors!
 15275 | D:15     | Entered Level 15 of the Dungeon
 15459 | D:15     | Found a staircase to the Depths.
 15850 | D:13     | Reached skill level 1 in Evocations
 16234 | D:5      | Killed Nebesus's ghost
 16472 | Spider:1 | Entered Level 1 of the Spider Nest
 16474 | Spider:1 | Noticed Josephine
 16491 | Spider:1 | Killed Josephine
 16691 | Spider:1 | Reached skill level 16 in Axes
 17350 | Spider:2 | Noticed Arachne
 17375 | Spider:2 | Killed Arachne
 17689 | Spider:3 | Reached XP level 16. HP: 80/143 MP: 8/8
 17967 | Spider:4 | Entered Level 4 of the Spider Nest
 18057 | Spider:4 | Reached skill level 5 in Evocations
 18574 | Spider:4 | Reached skill level 17 in Axes
 18589 | Spider:4 | Got a gossamer rune of Zot
 18799 | Swamp:1  | Entered Level 1 of the Swamp
 18993 | Swamp:4  | Entered Level 4 of the Swamp
 19185 | Swamp:4  | Noticed Bai Suzhen
 19224 | Swamp:4  | Killed Bai Suzhen
 19759 | Swamp:4  | Got a decaying rune of Zot
 19940 | Slime:1  | Entered Level 1 of the Pits of Slime
 19940 | Slime:1  | Noticed Donald
 19951 | Slime:1  | Killed Donald
 19957 | Slime:1  | Reached skill level 15 in Fighting
 20161 | Slime:2  | Noticed an acid blob
 20168 | Slime:2  | Killed an acid blob
 20170 | Slime:2  | Noticed an acid blob
 20172 | Slime:2  | Noticed an acid blob
 20182 | Slime:2  | Killed an acid blob
 20186 | Slime:2  | Killed an acid blob
 20186 | Slime:2  | Reached XP level 17. HP: 71/153 MP: 4/4
 20189 | Slime:2  | Mangled by a large slime creature

Illustrated notes

Levels and vault maps discovered:
D:1:      grunt_arrival_lava_bath, layout_basic, minmay_tetromino_s2
D:2:      layout_loops_ring, uniq_crazy_yiuf_cottage, uniq_terence
D:3:      layout_rooms, nicolae_overflow_hidden_temple, first_ration, uniq_robin
D:4:      layout_rooms, fedhas_altar_3, serial_shops, nicolae_shop_stone
D:5:      layout_rooms, biasface_ghost_orc_armoury, basic_altar
D:6:      layout_loops_ring, minmay_temple_entry_ruins, basic_altar,
          uniq_eustachio
D:7:      layout_loops_ring, lemuel_crystal_altar, serial_shops, shop,
          uniq_duvessa
D:8:      layout_gridville, gammafunk_ghost_arena, hangedman_ranch
          [blue_anna_fruit_fields], serial_bayou_pond_e
D:9:      minmay_chambers_of_sixes, layout_irregular_city, nicolae_benzene_ring
D:10:     layout_layer_cave, david_orc_3, uniq_erica
D:11:     layout_roguey, dpeg_lair_monsters, hangedman_parallel_progression
D:12:     layout_roguey, uniq_snorg
D:13:     layout_long_grid, serial_shops, nicolae_shop_crystal,
          doesnt_xom_only_xom, uniq_jorgrun, uniq_erolcha
D:14:     layout_basic, grunt_vaults_entry_tiered, kennysheep_nub
D:15:     hangedman_depths_entry_try_elsewhere_first, layout_irregular_city,
          serial_shops, nicolae_shop_crystal, chequers_jeans, feat_on_display
Temple:   regret_index_temple_waves
Lair:1:   layout_big_grid, gauntlet_entry_generic, minivault_19,
          chequers_serial_rivers_small_a, lemuel_fruit_fields,
          grunt_megastairs_2
Lair:2:   layout_small_grid, nicolae_swamp_entry_splash_gauntlet,
          nicolae_quartered_pool_super, st_stairs_11, uniq_fannar
Lair:3:   layout_layer_cave, uniq_sonja
Lair:4:   layout_hall_layers, dummy_spider_entry, enter_volcano_2
Lair:5:   layout_gridlike, minivault_24, minivault_24, minivault_25,
          minmay_another_anthill, grunt_megastairs_1
Lair:6:   wormcave, layout_cave_shapes, hangedman_lair_caniforms_friends,
          slime_dummy, worms_lemuel
Swamp:1:  layout_basic_swamp, lemuel_altar_in_water, swamp_pool5
Swamp:2:  cheibrodos_swamp_heart_of_darkness, layout_falls_marsh,
          evilmike_swamp_ruin_house_2, infiniplex_staircase_pool_2, uniq_kirke
Swamp:3:  layout_basic_swamp, hangedman_swamp_ruin_wall,
          infiniplex_staircase_pool
Swamp:4:  swamp_icy, layout_basic_swamp, swamp_pool4, uniq_bai_suzhen
Spider:1: layout_spider_delve, uniq_josephine
Spider:2: layout_spider_delve, uniq_asterion, uniq_roxanne, uniq_arachne
Spider:3: layout_spider_delve, spiders_nest_spider_trap
Spider:4: grunt_spider_rune_parallel, spiders_nest_the_unseen
Slime:1:  layout_caves, uniq_donald
Slime:2:  layout_caves
Orc:1:    layout_caves, special_room [special_room_orc]
Orc:2:    grunt_orc_tribal_feast, layout_caves

Skill      XL: |  1  2  3  4  5  6  7  8  9 10 11 12 13 14 15 16 |
---------------+-------------------------------------------------+-----
Axes           | 3 4 5 6 7 9 10 11 13 14 15 16 17 | 17.1
Fighting       | 3 4 6 7 8 10 11 12 13 14 15 | 15.1
Armour         | 4 5 6 7 8 9 10 11 12 13 | 13.4
Shields        | 4 5 6 7 8 9 10 11 12 13 | 13.4
Invocations    | 2 4 5 7 8 10 11 12 13 14 | 14.5
Evocations     | 4 6 |  6.0

Action                   |  1- 3 |  4- 6 |  7- 9 | 10-12 | 13-15 | 16-18 || total
-------------------------+-------+-------+-------+-------+-------+-------++-------
Melee: War axe           |    94 |   134 |   280 |   833 |  1609 |   470 ||  3420
       Falchion          |       |       |       |     8 |       |       ||     8
Invok: Lesser Servant of |       |       |       |    13 |    29 |    18 ||    60
       Greater Servant o |       |       |       |       |     1 |     6 ||     7
       Minor Destruction |       |       |       |       |     5 |       ||     5
 Abil: Heal Wounds       |     1 |     3 |    22 |    15 |    41 |    19 ||   101
Evoke: Wand              |       |       |       |       |     7 |       ||     7
       Tin of tremorston |       |       |       |       |     3 |       ||     3
  Use: Scroll            |       |     3 |    11 |    11 |     7 |     9 ||    41
       Potion            |       |       |     2 |     4 |     2 |     3 ||    11
 Stab: Distracted        |       |       |       |     2 |    10 |     9 ||    21
       Petrified         |       |       |       |       |     3 |       ||     3
       Paralysed         |       |       |       |       |     1 |       ||     1
       Confused          |       |       |       |       |       |     1 ||     1
  Eat: Chunk             |       |     2 |     3 |     5 |    23 |     4 ||    37
       Ration            |       |       |     2 |     3 |     3 |     2 ||    10
Armor: Scale mail        |    66 |    57 |    61 |       |       |       ||   184
       Plate armour      |       |       |   107 |   134 |  1002 |   307 ||  1550
       Chain mail        |       |       |     7 |   304 |       |       ||   311
       Skin              |       |       |     5 |       |       |       ||     5
Dodge: Dodged            |    21 |    39 |   127 |   260 |   781 |   228 ||  1456
Block: Kite shield       |    70 |    76 |   220 |    34 |  1620 |   520 ||  2540
       Tower shield      |       |       |       |   808 |    98 |       ||   906
       Rpst.: Falchion   |       |       |       |     1 |       |       ||     1
